[Event "Titled Tuesday Blitz May 2 Late 2023"]
[White "Adan Bermudez, Sergio"]
[Black "Stanisz, Patryk"]
[WhiteFideId "2292726"]
[BlackFideId "1123106"]
[WhiteElo "2292"]
[BlackElo "2069"]
[Result "1-0"]
[Round "03"]
[TimeControl "180+2"]
[Date "2023.05.02"]
[WhiteClock "0:00:41"]
[BlackClock "0:00:02"]

1. c4 c6 2. Nc3 d5 3. e3 Nf6 4. Nf3 e6 5. b3 Be7 6. Bb2 O-O 7. Qc2 b6 8. Rg1 c5 9. g4 Bb7 10. g5 Nfd7 11. cxd5 exd5 12. h4 d4 13. Ne4 Nc6 14. a3 Nce5 15. Be2 d3 16. Qc3 Bxe4 17. Nxe5 f6 18. Qc4+ Kh8 19. Qxe4 Nxe5 20. Bxe5 dxe2 21. Bc3 Rc8 22. Kxe2 Qd7 23. gxf6 Bxf6 24. h5 Rce8 25. Qc4 Qh3 26. Qg4 Qh2 27. Bxf6 Rxe3+ 28. dxe3 Qxf2+ 29. Kxf2 Rxf6+ 30. Ke2 1-0


[Site "https://www.chess.com"]

[Event "Titled Tuesday Blitz May 2 Late 2023"]
[White "Ferro, Mario"]
[Black "Bayo Milagro, Alvaro"]
[WhiteFideId "810290"]
[BlackFideId "22275240"]
[WhiteElo "2217"]
[BlackElo "2270"]
[Result "0-1"]
[Round "03"]
[TimeControl "180+2"]
[Date "2023.05.02"]
[WhiteClock "0:00:12"]
[BlackClock "0:01:01"]

1. e4 e5 2. Nf3 Nc6 3. Bc4 Bc5 4. d4 Bxd4 5. c3 Bb6 6. a4 a5 7. Ng5 Nh6 8. O-O d6 9. Qh5 Qf6 10. h3 Qg6 11. Qh4 O-O 12. Kh2 Nd8 13. f4 exf4 14. Bxf4 Ne6 15. Nxe6 Bxe6 16. Nd2 Rae8 17. Rf3 Ba7 18. Raf1 Bxc4 19. Nxc4 Rxe4 20. Rg3 Nf5 0-1


[Site "https://www.chess.com"]

[Event "Titled Tuesday Blitz May 2 Late 2023"]
[White "Lopez Perdomo, Juan David"]
[Black "Graif, William"]
[WhiteFideId "4405137"]
[BlackFideId "2609835"]
[WhiteElo "1965"]
[BlackElo "2205"]
[Result "0-1"]
[Round "03"]
[TimeControl "180+2"]
[Date "2023.05.02"]
[WhiteClock "0:00:03"]
[BlackClock "0:00:20"]

1. e4 e5 2. Nf3 Bc5 3. c3 d5 4. exd5 Nf6 5. Bb5+ c6 6. dxc6 bxc6 7. Be2 e4 8. Nd4 O-O 9. O-O Bxd4 10. cxd4 Qxd4 11. d3 Ba6 12. Nc3 exd3 13. Be3 Qxc3 14. bxc3 dxe2 15. Qc2 exf1=Q+ 16. Rxf1 Bxf1 17. Kxf1 Nbd7 18. Qa4 Ne5 19. Bd4 Rfe8 20. h3 Nd3 21. Kg1 c5 22. Bxf6 gxf6 23. Qa6 Re1+ 24. Kh2 Nxf2 25. g4 Kg7 26. Qc6 Rae8 27. Qxc5 R8e2 28. Qxa7 Ne4+ 29. Qf2 Rxf2# 0-1


[Site "https://www.chess.com"]

[Event "Titled Tuesday Blitz May 2 Late 2023"]
[White "Tomaszewski, Kacper"]
[Black "Osmonbekov, Talaibek"]
[WhiteFideId "1127373"]
[BlackFideId "2017253"]
[WhiteElo "2211"]
[BlackElo "2135"]
[Result "1/2-1/2"]
[Round "03"]
[TimeControl "180+2"]
[Date "2023.05.02"]
[WhiteClock "0:00:04"]
[BlackClock "0:00:11"]

1. c4 e5 2. Nc3 d6 3. e3 f5 4. d4 e4 5. b4 Nf6 6. Qb3 c6 7. Nge2 Be6 8. Nf4 Bf7 9. a4 Be7 10. Be2 g5 11. Nh3 h6 12. Ba3 O-O 13. b5 Nbd7 14. f3 exf3 15. gxf3 d5 16. c5 Re8 17. Bd3 f4 18. exf4 Bxc5+ 19. Kd2 Bxd4 20. fxg5 Ne4+ 21. fxe4 dxe4 22. Bc4 Ne5 23. Bxf7+ Nxf7 24. g6 Bxc3+ 25. Kxc3 Qd3+ 26. Kb2 Qxb3+ 27. Kxb3 Ne5 28. Rae1 Nf3 29. Re3 cxb5 30. axb5 a6 31. b6 Rac8 32. Nf2 Nd4+ 33. Ka4 Rc4+ 34. Bb4 Rxb4+ 35. Kxb4 Nc2+ 36. Kc3 Nxe3 37. Re1 Nd5+ 38. Kd4 Nxb6 39. Nxe4 Kg7 40. Rb1 Re6 41. Nc5 Rxg6 42. Nxb7 h5 43. Nc5 a5 44. Ra1 a4 45. Ke5 Rg5+ 46. Kd6 Nc4+ 47. Kc6 a3 48. Ne6+ Kf6 49. Nxg5 Kxg5 50. Kb5 Ne5 51. Rxa3 Kg4 52. Kc5 Nf3 53. h3+ Kxh3 54. Rxf3+ Kg2 55. Rf4 Kg3 56. Rf1 h4 57. Kd4 Kg2 58. Rf8 h3 59. Ke3 h2 60. Rf2+ Kg1 61. Ke2 h1=Q 62. Rf1+ Kg2 63. Rxh1 Kxh1 1/2-1/2


[Site "https://www.chess.com"]

[Event "Titled Tuesday Blitz May 2 Late 2023"]
[White "Liu, Eric"]
[Black "Tsotsonava, Elene"]
[WhiteFideId "30960240"]
[BlackFideId "13615939"]
[WhiteElo "2094"]
[BlackElo "1829"]
[Result "0-1"]
[Round "03"]
[TimeControl "180+2"]
[Date "2023.05.02"]
[WhiteClock "0:00:55"]
[BlackClock "0:02:12"]

1. b3 e5 2. Bb2 Nc6 3. e3 Nf6 4. Be2 d5 5. h4 h5 6. Nf3 e4 7. Ng5 Be7 8. d3 Bf5 9. Nd2 Qd7 10. Rc1 Nb4 11. dxe4 Nxe4 12. Ndxe4 dxe4 13. Qxd7+ Bxd7 14. a3 Bxg5 15. hxg5 Nd5 16. Bxg7 Rg8 17. Bf6 Nxf6 18. gxf6 Rxg2 19. Kf1 Rg5 20. Rxh5 Rxh5 21. Bxh5 Bh3+ 22. Ke2 O-O-O 23. Rd1 Rh8 24. Rd5 Rxh5 25. Rd4 Bg4+ 26. Kd2 Bf3 27. Ra4 a6 28. Rd4 Rf5 29. c4 Rxf6 30. Kc3 Rd6 31. c5 Rxd4 32. Kxd4 Kd8 33. Ke5 Ke7 34. b4 c6 35. a4 f6+ 36. Kf5 Kf7 37. a5 Ke7 38. Kg6 Ke6 39. Kg7 Kd5 40. Kxf6 Kc4 41. Ke5 Kxb4 42. Kd6 Kxa5 43. Kc7 Kb5 44. Kxb7 a5 45. Kc7 a4 46. Kd6 a3 47. Ke5 a2 48. Kd4 a1=Q# 0-1


[Site "https://www.chess.com"]

[Event "Titled Tuesday Blitz May 2 Late 2023"]
[White "Torres Dominguez, David"]
[Black "Hajiyev, Kanan"]
[WhiteFideId "2220857"]
[BlackFideId "13404148"]
[WhiteElo "1999"]
[BlackElo "2103"]
[Result "0-1"]
[Round "03"]
[TimeControl "180+2"]
[Date "2023.05.02"]
[WhiteClock "0:00:13"]
[BlackClock "0:00:45"]

1. e4 c6 2. Nf3 d5 3. d3 dxe4 4. dxe4 Qxd1+ 5. Kxd1 Bg4 6. Be2 c5 7. Nfd2 Bxe2+ 8. Kxe2 Nc6 9. c3 O-O-O 10. a4 g5 11. Nc4 h6 12. Be3 e6 13. Nbd2 Nf6 14. f3 Nd7 15. Nb3 b6 16. Rad1 Nde5 17. Rxd8+ Kxd8 18. Rd1+ Kc7 19. Nbd2 Bg7 20. Bf2 Rd8 21. Bg3 Kc8 22. Bxe5 Nxe5 23. Nxe5 Bxe5 24. h3 Bf4 25. Nc4 Rxd1 26. Kxd1 Kc7 27. Na3 a6 28. Kc2 Kc6 29. Kd3 f5 30. Nc2 b5 31. axb5+ axb5 32. b3 Kd6 33. exf5 exf5 34. c4 b4 35. g4 Ke5 36. Ke2 Bg3 37. gxf5 Kxf5 38. Ne3+ Ke6 39. Nd5 h5 40. Ke3 Ke5 41. Kd3 Bf4 42. Ke2 Kd4 43. Nf6 Kc3 44. Nxh5 Kxb3 45. Nxf4 gxf4 46. h4 Kc2 47. h5 b3 48. h6 b2 49. h7 b1=Q 50. h8=Q Qd1+ 51. Kf2 Qd2+ 52. Kg1 Qd4+ 53. Qxd4 cxd4 54. c5 d3 55. c6 d2 0-1


[Site "https://www.chess.com"]

[Event "Titled Tuesday Blitz May 2 Late 2023"]
[White "Remolar Gallen, Jose"]
[Black "Adel, Sara"]
[WhiteFideId "2215187"]
[BlackFideId "10616764"]
[WhiteElo "2223"]
[BlackElo "1982"]
[Result "1-0"]
[Round "03"]
[TimeControl "180+2"]
[Date "2023.05.02"]
[WhiteClock "0:00:27"]
[BlackClock "0:00:40"]

1. e4 c6 2. d4 d5 3. exd5 cxd5 4. c4 Nf6 5. Nc3 dxc4 6. Bxc4 g6 7. Nf3 Bg7 8. O-O Nc6 9. h3 a6 10. a3 O-O 11. Re1 b5 12. Ba2 Bb7 13. Bg5 h6 14. Bh4 Rc8 15. Qd3 Na5 16. Rad1 Nc4 17. Re2 Qd7 18. Ne5 Nxe5 19. dxe5 Qc6 20. f3 Nh5 21. Nd5 Rfe8 22. Nb4 Qc5+ 23. Bf2 Qc7 24. Qxg6 e6 25. Qxh5 a5 26. Nd3 Rcd8 27. Red2 b4 28. axb4 axb4 29. Qg4 Qa5 30. Bb3 Ba6 31. Qxb4 Qxb4 32. Nxb4 Rxd2 33. Rxd2 Bb7 34. Rd7 Bc8 35. Rc7 Bxe5 36. Ra7 Bb8 37. Ra8 Bb7 38. Ra5 Rc8 39. Rc5 Rd8 40. Nc6 Bxc6 41. Rxc6 Be5 42. Bc2 Bxb2 43. Be3 Kg7 44. Kf2 Ba3 45. Rc4 e5 46. Rg4+ Kf6 47. Bxh6 Bc5+ 48. Kg3 Ke6 49. Bb3+ Kd6 50. Bxf7 Rh8 51. Bg7 Ra8 52. Rg6+ Ke7 53. Bd5 1-0


[Site "https://www.chess.com"]

[Event "Titled Tuesday Blitz May 2 Late 2023"]
[White "Rengifo Blancas, Renzo Jhonathan"]
[Black "Dovbnia, Nikita"]
[WhiteFideId "3807185"]
[BlackFideId "54104599"]
[WhiteElo "2085"]
[BlackElo "2076"]
[Result "1-0"]
[Round "03"]
[TimeControl "180+2"]
[Date "2023.05.02"]
[WhiteClock "0:02:55"]
[BlackClock "0:02:17"]

1. e4 c6 2. d4 d5 3. Nc3 dxe4 4. Nxe4 Nf6 5. Nxf6+ exf6 6. c3 Bd6 7. Bd3 O-O 8. Nf3 h5 9. Be3 Bg4 10. Qc2 Nd7 11. O-O-O Re8 12. h3 Be6 13. Rdg1 Nf8 14. g4 hxg4 15. hxg4 g6 16. Nh4 Kg7 17. Nf5+ Bxf5 18. gxf5 Qc7 19. fxg6 fxg6 20. Bxg6 Nxg6 21. Qxg6+ Kf8 22. Qxf6+ Qf7 23. Rh8# 1-0


[Site "https://www.chess.com"]

[Event "Titled Tuesday Blitz May 2 Late 2023"]
[White "Lohia, Sohum"]
[Black "Koc, Przemyslaw"]
[WhiteFideId "5819369"]
[BlackFideId "1109081"]
[WhiteElo "2036"]
[BlackElo "2161"]
[Result "0-1"]
[Round "03"]
[TimeControl "180+2"]
[Date "2023.05.02"]
[WhiteClock "0:00:20"]
[BlackClock "0:01:29"]

1. e4 e5 2. Nf3 Nf6 3. Nc3 Nc6 4. g3 d5 5. exd5 Nxd5 6. Bg2 Be6 7. O-O Be7 8. Re1 f6 9. d4 Nxc3 10. bxc3 O-O 11. Bb2 Bg4 12. h3 Bxf3 13. Qxf3 Bd6 14. Rad1 Qc8 15. Qh5 Qe8 16. Bd5+ Kh8 17. Qxe8 Rfxe8 18. Bxc6 bxc6 19. c4 e4 20. Kg2 f5 21. d5 c5 22. Bc3 Kg8 23. Rb1 Rab8 24. a4 Kf7 25. f3 Rb6 26. Ba5 Ra6 27. Bc3 Rxa4 28. Ra1 exf3+ 29. Kxf3 Rxe1 30. Bxe1 Rxa1 0-1


[Site "https://www.chess.com"]

[Event "Titled Tuesday Blitz May 2 Late 2023"]
[White "Muradli, Mahammad"]
[Black "Ricaurte Lopez, Juan Carlos"]
[WhiteFideId "13409301"]
[BlackFideId "3600327"]
[WhiteElo "2558"]
[BlackElo "2200"]
[Result "1/2-1/2"]
[Round "03"]
[TimeControl "180+2"]
[Date "2023.05.02"]
[WhiteClock "0:00:05"]
[BlackClock "0:00:12"]

1. e4 e5 2. Nf3 d5 3. d3 dxe4 4. dxe4 Qxd1+ 5. Kxd1 Bg4 6. Nd2 Nc6 7. h3 Bh5 8. c3 O-O-O 9. Kc2 Bc5 10. Bb5 Bxf2 11. Bxc6 bxc6 12. Nxe5 Nf6 13. Rf1 Bg3 14. Nxc6 Rd7 15. Nxa7+ Kb7 16. Nb5 Rhd8 17. Nd4 Bg6 18. Nf5 Rxd2+ 19. Bxd2 Nxe4 20. Be1 Bxe1 21. Raxe1 Ng3 22. Kc1 Nxf5 23. g4 Nd6 24. b3 h5 25. c4 hxg4 26. hxg4 Kc6 27. Kb2 Rh8 28. Rf2 Rh3 29. Re5 Rg3 30. a4 Ne4 31. Rf4 Nc5 32. Rd4 Nd3+ 33. Rxd3 Bxd3 34. g5 Bg6 35. a5 Rg2+ 36. Kc3 Ra2 37. Kb4 Kd6 38. Rd5+ Kc6 39. Kc3 f5 40. gxf6 gxf6 41. b4 f5 42. Re5 Kd6 43. Rd5+ Ke6 44. Rc5 Kd7 45. Rd5+ Ke6 46. Rc5 Kd7 47. Rd5+ Ke6 1/2-1/2


[Site "https://www.chess.com"]

[Event "Titled Tuesday Blitz May 2 Late 2023"]
[White "Ashraf, Artin"]
[Black "Bashkansky, Ethan"]
[WhiteFideId "22514805"]
[BlackFideId "2071533"]
[WhiteElo "2188"]
[BlackElo "2101"]
[Result "1-0"]
[Round "03"]
[TimeControl "180+2"]
[Date "2023.05.02"]
[WhiteClock "0:00:03"]
[BlackClock "0:00:01"]

1. g3 f5 2. Bg2 Nf6 3. Nf3 g6 4. O-O Bg7 5. d3 O-O 6. e4 d6 7. e5 Ng4 8. exd6 exd6 9. Re1 Nc6 10. d4 Kh8 11. Bg5 Bf6 12. Bf4 Bd7 13. Qd2 Rg8 14. h4 Qf8 15. Nc3 Qg7 16. Nd5 Bxd4 17. Nxd4 Qxd4 18. Qxd4+ Nxd4 19. f3 Nxc2 20. fxg4 Nxa1 21. Bd2 Rge8 22. Bc3+ Kg8 23. Nf6+ Kf7 24. Nxe8 Rxe8 25. Rxa1 fxg4 26. Rf1+ Ke6 27. Re1+ Kf5 28. Rxe8 Bxe8 29. Bxb7 Ke6 30. Bc8+ Ke7 31. Bxg4 Bf7 32. Be2 c5 33. a3 d5 34. b4 d4 35. Bb2 cxb4 36. axb4 Kd6 37. Bxd4 Kd5 38. Bf2 1-0


[Site "https://www.chess.com"]

[Event "Titled Tuesday Blitz May 2 Late 2023"]
[White "Hoffmann, Asa"]
[Black "Guerra Tulcan, Lenin"]
[WhiteFideId "2001470"]
[BlackFideId "3601382"]
[WhiteElo "2117"]
[BlackElo "2368"]
[Result "1/2-1/2"]
[Round "03"]
[TimeControl "180+2"]
[Date "2023.05.02"]
[WhiteClock "0:00:25"]
[BlackClock "0:00:16"]

1. d4 Nf6 2. Bg5 Ne4 3. Bf4 c5 4. f3 Nf6 5. dxc5 Qa5+ 6. Nc3 Qxc5 7. e4 Nc6 8. Qd2 d6 9. Nb5 Ne5 10. Be3 Qc6 11. Nxa7 Rxa7 12. Bxa7 b6 13. a4 Qb7 14. Bb5+ Ned7 15. Bxb6 Qxb6 16. Nh3 g6 17. Nf2 h5 18. O-O Bh6 19. Qc3 O-O 20. Kh1 Ba6 21. Bxa6 Qxa6 22. Nd3 Rc8 23. Qb3 Nc5 24. Nxc5 dxc5 25. c3 c4 26. Qb5 Qxb5 27. axb5 Rb8 28. Ra5 Bf4 29. Rd1 Bc7 30. Ra4 Rxb5 31. Rxc4 Be5 32. b4 Kg7 33. g3 g5 34. Kg2 Rb7 35. Rc5 Nd7 36. Rxd7 Rxd7 37. Rxe5 f6 38. Rc5 Rd2+ 39. Kg1 Rd3 40. Kf2 Rd2+ 41. Ke3 Rxh2 42. b5 Rg2 43. b6 Rb2 44. Rc6 h4 45. gxh4 gxh4 46. Rc7 Kf7 47. Rc8 Rxb6 48. Rh8 Rc6 49. Kd3 Rd6+ 50. Kc2 Kg6 51. Rxh4 Kg5 52. Rg4+ Kh5 53. c4 Rd4 54. Kc3 Rd1 55. Rg7 e5 56. c5 Rf1 57. Kc4 Rxf3 58. Kd5 Rc3 59. c6 Kh6 60. Rg2 Rd3+ 61. Ke6 Rc3 62. Kd7 Rd3+ 63. Kc8 Rd4 64. c7 Rxe4 65. Rd2 Rc4 66. Kd7 Kg5 67. c8=Q Rxc8 68. Kxc8 e4 69. Kd7 e3 70. Re2 Kf4 71. Ke6 f5 72. Rxe3 Kxe3 73. Kxf5 1/2-1/2


[Site "https://www.chess.com"]

[Event "Titled Tuesday Blitz May 2 Late 2023"]
[White "Kucuksari, Kaan"]
[Black "Vaglio Munoz, Jaime"]
[WhiteFideId "6380166"]
[BlackFideId "6500145"]
[WhiteElo "2364"]
[BlackElo "2199"]
[Result "1-0"]
[Round "03"]
[TimeControl "180+2"]
[Date "2023.05.02"]
[WhiteClock "0:02:30"]
[BlackClock "0:00:17"]

1. e4 e6 2. Nf3 d5 3. e5 c5 4. d4 cxd4 5. Nxd4 Nc6 6. c4 Nxe5 7. cxd5 exd5 8. Nc3 Nc6 9. Bb5 Ne7 10. O-O a6 11. Ba4 b5 12. Bb3 Bb7 13. Re1 Na5 14. Bg5 Nxb3 15. Qxb3 f6 16. Ne6 Qd7 17. Bf4 Kf7 18. Nc5 Qc6 19. Nxb7 Qxb7 20. Rad1 Rd8 21. Ne4 Kg8 22. Nd6 Qa8 23. Qe3 h6 24. Qe6+ Kh7 25. Nf7 Ng6 26. Nxd8 Qxd8 27. Rxd5 Qa5 28. Bd2 Qxa2 29. h4 Ba3 30. bxa3 Qxa3 31. h5 Nf8 32. Qf5+ Kg8 33. Rd8 Kf7 34. Qd5+ Ne6 35. Qxe6# 1-0


[Site "https://www.chess.com"]

[Event "Titled Tuesday Blitz May 2 Late 2023"]
[White "Fajdetic, Hrvoje"]
[Black "Kim, Sergey"]
[WhiteFideId "14501945"]
[BlackFideId "13700570"]
[WhiteElo "2185"]
[BlackElo "2295"]
[Result "0-1"]
[Round "03"]
[TimeControl "180+2"]
[Date "2023.05.02"]
[WhiteClock "0:00:26"]
[BlackClock "0:01:24"]

1. d4 Nf6 2. Bf4 g6 3. Nc3 d6 4. e4 c6 5. Qd2 b5 6. f3 b4 7. Nce2 a5 8. O-O-O Be6 9. Kb1 Qb6 10. d5 cxd5 11. e5 dxe5 12. Bxe5 Nbd7 13. Bd4 Qb7 14. Nf4 Bg7 15. Nxe6 fxe6 16. Qe3 e5 17. Bxe5 Ng4 18. fxg4 Nxe5 19. Qd4 O-O 20. Ne2 e6 21. Qe3 Rae8 22. Nd4 Nxg4 23. Qe1 Qb6 24. Nf3 Nf2 25. Be2 Nxh1 26. Qxh1 a4 27. h4 b3 28. cxb3 axb3 29. a3 Qe3 30. Bd3 Rxf3 31. gxf3 Qf2 0-1


[Site "https://www.chess.com"]

[Event "Titled Tuesday Blitz May 2 Late 2023"]
[White "Kalaiyalahan, Akshaya"]
[Black "Martin Barcelo, Carles"]
[WhiteFideId "422894"]
[BlackFideId "24561444"]
[WhiteElo "2043"]
[BlackElo "2089"]
[Result "1/2-1/2"]
[Round "03"]
[TimeControl "180+2"]
[Date "2023.05.02"]
[WhiteClock "0:01:00"]
[BlackClock "0:00:03"]

1. c4 e5 2. Nc3 Nc6 3. g3 f5 4. Bg2 Nf6 5. d3 g6 6. e3 Bg7 7. Nge2 O-O 8. Rb1 a5 9. a3 d6 10. b4 axb4 11. axb4 Nh5 12. b5 Ne7 13. f4 Ra7 14. O-O Be6 15. Bf3 Nf6 16. b6 cxb6 17. Qb3 e4 18. dxe4 fxe4 19. Nxe4 Nxe4 20. Bxe4 d5 21. Qxb6 Qxb6 22. Rxb6 Ra6 23. Rxa6 bxa6 24. cxd5 Nxd5 25. Rd1 Nb4 26. Ba3 Rb8 27. Rd6 Bc4 28. Nd4 a5 29. Ne6 Bc3 30. Rd8+ Rxd8 31. Nxd8 Bd2 32. Kf2 Nd3+ 33. Kf3 Ne1+ 34. Kf2 Nd3+ 35. Kf3 Ne1+ 36. Kf2 Nd3+ 1/2-1/2


[Site "https://www.chess.com"]

[Event "Titled Tuesday Blitz May 2 Late 2023"]
[White "Elissalt Cardenas, Hector"]
[Black "Bjelobrk, Igor"]
[WhiteFideId "3500632"]
[BlackFideId "4300726"]
[WhiteElo "2202"]
[BlackElo "2335"]
[Result "1/2-1/2"]
[Round "03"]
[TimeControl "180+2"]
[Date "2023.05.02"]
[WhiteClock "0:00:06"]
[BlackClock "0:00:07"]

1. d4 e6 2. c4 Bb4+ 3. Bd2 Bxd2+ 4. Qxd2 f5 5. g3 Nf6 6. Bg2 O-O 7. Nc3 d5 8. Nf3 c6 9. O-O Nbd7 10. Qd3 Ne4 11. Rac1 Qe7 12. Qe3 Nd6 13. cxd5 Nf6 14. dxc6 bxc6 15. Ne5 Nd5 16. Qd2 Bb7 17. Nxd5 cxd5 18. Rc5 Rac8 19. Rfc1 Rfd8 20. Qa5 Rxc5 21. dxc5 Nc8 22. c6 Ba8 23. c7 Re8 24. Qc5 Kf8 25. e3 Qxc5 26. Rxc5 Ke7 27. f4 Kd6 28. b4 Re7 29. Kf2 Rxc7 30. Rxc7 Kxc7 31. Ke2 Nd6 32. Kd3 Nc4 33. Kd4 Nd2 34. a4 Kd6 35. a5 Bb7 36. g4 fxg4 37. Nxg4 Nc4 38. Ne5 Nxe5 39. fxe5+ Kc6 40. Bf1 a6 41. Bd3 h6 42. Kc3 Bc8 43. h4 Bb7 44. h5 Bc8 45. Bg6 Bb7 46. Bd3 Bc8 47. Bg6 Bb7 48. Bd3 1/2-1/2


[Site "https://www.chess.com"]

[Event "Titled Tuesday Blitz May 2 Late 2023"]
[White "Willathgamuwa, Kevin"]
[Black "Ozdemir, Serhan Berat"]
[WhiteFideId "3214168"]
[BlackFideId "6374611"]
[WhiteElo "1962"]
[BlackElo "2015"]
[Result "0-1"]
[Round "03"]
[TimeControl "180+2"]
[Date "2023.05.02"]
[WhiteClock "0:00:01"]
[BlackClock "0:00:10"]

1. e4 c5 2. c3 d5 3. exd5 Qxd5 4. d4 Nc6 5. Nf3 Bg4 6. Be2 e6 7. h3 Bh5 8. O-O Nf6 9. Be3 cxd4 10. Nxd4 Bxe2 11. Qxe2 Nxd4 12. Bxd4 Be7 13. Rd1 Qc6 14. c4 O-O 15. Nc3 a6 16. b3 Rfd8 17. Rd3 b5 18. cxb5 axb5 19. Be5 Rxd3 20. Qxd3 b4 21. Na4 Nd5 22. Bb2 Rc8 23. Rc1 Qd7 24. Rxc8+ Qxc8 25. Qd4 Bf6 26. Qd2 Bc3 27. Bxc3 bxc3 28. Qc2 g6 29. a3 Qb8 30. b4 Qe5 31. Kf1 Qd4 32. Nc5 Qc4+ 33. Qd3 Qa2 0-1


[Site "https://www.chess.com"]

[Event "Titled Tuesday Blitz May 2 Late 2023"]
[White "Dushyant Sharma"]
[Black "Gabdushev, Ruslan"]
[WhiteFideId "25065130"]
[BlackFideId "4137833"]
[WhiteElo "2198"]
[BlackElo "2233"]
[Result "1-0"]
[Round "03"]
[TimeControl "180+2"]
[Date "2023.05.02"]
[WhiteClock "0:02:23"]
[BlackClock "0:01:50"]

1. e4 Nc6 2. d4 d5 3. e5 Bf5 4. Nc3 Qd7 5. Be3 f6 6. f4 h5 7. Qd2 h4 8. O-O-O e6 9. Nf3 O-O-O 10. Be2 Nge7 11. Rhg1 Be4 12. Qe1 h3 13. g4 Kb8 14. Nxe4 dxe4 15. Nd2 Nxd4 16. exf6 gxf6 17. Bxd4 Qxd4 18. Nc4 1-0


[Site "https://www.chess.com"]

[Event "Titled Tuesday Blitz May 2 Late 2023"]
[White "Cruz, William Ferreira Da"]
[Black "Ansh M Shah"]
[WhiteFideId "2118050"]
[BlackFideId "25033379"]
[WhiteElo "2223"]
[BlackElo "2084"]
[Result "0-1"]
[Round "03"]
[TimeControl "180+2"]
[Date "2023.05.02"]
[WhiteClock "0:00:02"]
[BlackClock "0:00:43"]

1. d4 Nf6 2. Nf3 e6 3. c4 d5 4. Nc3 Bb4 5. Bg5 O-O 6. e3 c5 7. cxd5 Qa5 8. Bxf6 Bxc3+ 9. bxc3 Qxc3+ 10. Nd2 gxf6 11. Rc1 Qa3 12. dxe6 Bxe6 13. Rxc5 Na6 14. Rc1 Rac8 15. Bc4 b5 16. d5 Bxd5 17. Qg4+ Kh8 18. O-O Bxc4 19. Qf4 Qe7 20. Nxc4 bxc4 21. Rxc4 Rxc4 22. Qxc4 Nc7 23. Rb1 Ne6 24. Qc6 Rd8 25. h3 Kg7 26. Rb7 Rd1+ 27. Kh2 Qd6+ 28. Qxd6 Rxd6 29. Rxa7 Rd2 30. Kg1 Nc5 31. f3 Re2 32. e4 Nd3 33. Kf1 Rf2+ 34. Kg1 Rb2 35. a4 Nf4 36. a5 Rxg2+ 37. Kf1 Ra2 38. a6 Nxh3 39. Ra8 Rf2+ 40. Ke1 Rxf3 41. a7 Ra3 42. Ke2 Nf4+ 43. Kf2 Ne6 0-1


[Site "https://www.chess.com"]

[Event "Titled Tuesday Blitz May 2 Late 2023"]
[White "Gelbenegger, Patrick"]
[Black "Jaskolka, Tomasz"]
[WhiteFideId "1638220"]
[BlackFideId "1170791"]
[WhiteElo "2160"]
[BlackElo "2155"]
[Result "0-1"]
[Round "03"]
[TimeControl "180+2"]
[Date "2023.05.02"]
[WhiteClock "0:00:19"]
[BlackClock "0:00:08"]

1. e4 c5 2. Nf3 e6 3. d4 cxd4 4. Nxd4 Nc6 5. a3 Nf6 6. Nc3 d5 7. Nxc6 bxc6 8. e5 Nd7 9. f4 f6 10. Bd3 Bc5 11. Qh5+ Ke7 12. Na4 Qa5+ 13. Nc3 d4 14. Bd2 dxc3 15. Bxc3 Qb6 16. O-O-O Be3+ 17. Kb1 Bxf4 18. exf6+ Nxf6 19. Qh4 Qc7 20. Bb4+ c5 21. Bxc5+ Qxc5 22. Qxf4 Bb7 23. Rhe1 Rac8 24. Bf5 Bd5 25. Rxd5 Qxd5 26. Rxe6+ Kf7 27. Re1 Rhe8 28. Rc1 Rc4 29. Qf2 Kg8 30. Bd3 Rd4 31. Rd1 Qd6 32. Bxh7+ Kxh7 33. Rxd4 Re1+ 34. Ka2 Qe6+ 35. b3 Re2 36. Rh4+ Kg8 37. Qc5 Qe7 38. Qc4+ Qe6 39. Qxe6+ Rxe6 40. Ra4 Re7 41. Kb2 Kf7 42. g4 Nd5 43. h4 Nb6 44. Ra5 Rb7 45. Kc3 Rc7+ 46. Kb2 Ke6 47. h5 Nd5 48. g5 Ne3 49. c4 Rf7 50. h6 gxh6 51. gxh6 Nf5 52. Ra6+ Ke5 53. Kc3 Nd6 54. Ra5+ Ke6 55. Rh5 Rf3+ 56. Kb4 Rf8 57. h7 Rb8+ 58. Kc3 Rh8 59. b4 Ne4+ 60. Kd4 Nf6 61. Rh6 Kf7 62. c5 Nxh7 63. Kd5 Nf6+ 64. Kc6 Rxh6 65. Kb7 Nd5 66. b5 Ke7 67. c6 Kd6 68. a4 Rh7+ 69. Ka6 Nb4+ 70. Ka5 Nxc6+ 71. bxc6 Kxc6 72. Ka6 Rh4 73. a5 Ra4 74. Kxa7 Rxa5+ 75. Kb8 Ra1 0-1


[Site "https://www.chess.com"]

[Event "Titled Tuesday Blitz May 2 Late 2023"]
[White "Rose, Felix"]
[Black "Martic, Ivan"]
[WhiteFideId "5105722"]
[BlackFideId "929301"]
[WhiteElo "2039"]
[BlackElo "2360"]
[Result "1-0"]
[Round "03"]
[TimeControl "180+2"]
[Date "2023.05.02"]
[WhiteClock "0:00:07"]
[BlackClock "0:00:22"]

1. d4 d5 2. Nf3 Nc6 3. e3 Bg4 4. c4 e5 5. cxd5 Qxd5 6. Nc3 Bb4 7. Bd2 Bxc3 8. bxc3 Nf6 9. h3 Bh5 10. c4 Qd6 11. d5 Ne7 12. Qa4+ Nd7 13. Bb4 c5 14. dxc6 Qxc6 15. Qxc6 Nxc6 16. Bd6 f6 17. g4 Bg6 18. Be2 b6 19. O-O O-O-O 20. Rfc1 Nc5 21. Bxc5 bxc5 22. Nh4 Rd2 23. Nxg6 hxg6 24. Bf3 Nb4 25. Rd1 Rxd1+ 26. Rxd1 Rxh3 27. Kg2 Rh8 28. a3 Nc2 29. Rd6 Ne1+ 30. Kg3 Nxf3 31. Kxf3 Kc7 32. Ra6 Kb7 33. Re6 Rc8 34. g5 Rc6 35. Re7+ Kb8 36. Rxg7 fxg5 37. Ke4 Rf6 38. Kxe5 Rxf2 39. Rxg6 Ra2 40. Kd5 Rxa3 41. e4 Kc7 42. Rg7+ Kd8 43. Rxg5 Ke7 44. Rg7+ Kf6 45. Rb7 Rd3+ 46. Kxc5 Ke5 47. Re7+ Kf6 48. Rxa7 Rd8 49. Kc6 Ke5 50. c5 Rc8+ 51. Kb6 Rb8+ 52. Kc7 Rb4 53. c6 Rxe4 54. Ra5+ Ke6 55. Kc8 Rc4 56. c7 Kd6 57. Ra6+ Ke7 58. Ra1 Kd6 59. Rd1+ Ke7 60. Rd5 Ke6 61. Rb5 Ke7 62. Kb8 Kd7 63. Rb7 Kd6 64. c8=Q Rxc8+ 65. Kxc8 1-0


[Site "https://www.chess.com"]

[Event "Titled Tuesday Blitz May 2 Late 2023"]
[White "Kostiukov, Alexandr"]
[Black "Urbina Perez, Juan Antonio"]
[WhiteFideId "14108100"]
[BlackFideId "2217368"]
[WhiteElo "2202"]
[BlackElo "2197"]
[Result "1-0"]
[Round "03"]
[TimeControl "180+2"]
[Date "2023.05.02"]
[WhiteClock "0:01:05"]
[BlackClock "0:01:33"]

1. g3 d5 2. Bg2 c6 3. d3 Nf6 4. e4 dxe4 5. dxe4 Qxd1+ 6. Kxd1 Na6 7. f3 Be6 8. Be3 O-O-O+ 9. Nd2 b6 10. Bh3 Bxh3 11. Nxh3 e6 12. c3 h6 13. Ke2 Bc5 14. Nf2 Bxe3 15. Kxe3 Nc5 16. Nc4 Nfd7 17. Nd6+ Kc7 18. Nxf7 Rdf8 19. Nxh8 Rxh8 20. b3 Rf8 21. f4 e5 22. Rad1 a5 23. Rhf1 Re8 24. f5 h5 25. h3 Nf6 26. g4 hxg4 27. hxg4 a4 28. b4 Nb7 29. Rh1 Nd6 30. g5 Nd7 31. Rh7 Rg8 32. Ng4 Nc4+ 33. Kf3 c5 34. Nf6 gxf6 35. Rhxd7+ Kc6 36. gxf6 a3 37. f7 Rf8 38. Re7 Nd6 39. Re6 Kb5 40. Rdxd6 Kc4 41. Rxb6 Rxf7 42. bxc5 Rd7 43. c6 Rd3+ 44. Kg4 Rd8 45. c7 Rc8 46. Rec6+ Kd3 47. Rb8 1-0


[Site "https://www.chess.com"]

[Event "Titled Tuesday Blitz May 2 Late 2023"]
[White "Ladan, Nicholas"]
[Black "Harish, Neeraj"]
[WhiteFideId "30918855"]
[BlackFideId "30958130"]
[WhiteElo "2167"]
[BlackElo "1965"]
[Result "1-0"]
[Round "03"]
[TimeControl "180+2"]
[Date "2023.05.02"]
[WhiteClock "0:00:23"]
[BlackClock "0:00:03"]

1. d4 Nf6 2. Nf3 d5 3. Bf4 e6 4. e3 Bd6 5. Nbd2 O-O 6. Bd3 Bxf4 7. exf4 b6 8. O-O c5 9. c3 Ba6 10. Qe2 Bxd3 11. Qxd3 Nc6 12. Ne5 Rc8 13. Ndf3 Ne4 14. Nxc6 Rxc6 15. Ne5 Rc8 16. Rfe1 cxd4 17. Qxd4 Nd6 18. Rad1 Nc4 19. Nxc4 Rxc4 20. Qe5 Qb8 21. f5 Qxe5 22. Rxe5 exf5 23. Rxf5 d4 24. Rf4 Re8 25. Kf1 Kf8 26. Rfxd4 Rxd4 27. Rxd4 Re6 28. Rd7 a5 29. g3 g6 30. f4 Kg7 31. Kf2 h5 32. b4 axb4 33. cxb4 Rc6 34. Ke3 Rc2 35. Rd2 Rc4 36. Rd4 Rc2 37. Rd2 Rc4 38. a3 Rc3+ 39. Rd3 Rc2 40. Rd6 Rxh2 41. Rxb6 Ra2 42. Ra6 f6 43. b5 g5 44. fxg5 fxg5 45. b6 h4 46. Ra7+ Kg6 47. gxh4 gxh4 48. Ra4 h3 49. b7 Rb2 50. Rg4+ Kf5 51. Rf4+ Ke5 52. Rb4 1-0


[Site "https://www.chess.com"]